 Dungeon Crawl Stone Soup version 0.21.1-1-g345015f (webtiles) character file.

21 Monzz the Digger (level 2, 0/22 HPs)
             Began as a Naga Earth Elementalist on May 9, 2018.
             Slain by an adder (4 damage)
             ... on level 2 of the Dungeon.
             The game lasted 00:05:12 (1209 turns).

Monzz the Digger (Naga Earth Elementalist)          Turns: 1209, Time: 00:05:13

Health: 0/22       AC:  2    Str: 10    XL:     2   Next: 87%
Magic:  2/5        EV: 10    Int: 15    God:
Gold:   56         SH:  0    Dex: 11    Spells: 4/5 levels left

rFire    . . .     SeeInvis +   a - +0 spear
rCold    . . .     Gourm    .   (no shield)
rNeg     . . .     Faith    .   c - +0 robe
rPois    +         Spirit   .   f - +0 helmet
rElec    .         Reflect  .   (no cloak)
rCorr    .         Harm     .   (no gloves)
MR       .....                  (no barding)
Stlth    ++........             (no amulet)
HPRegen  0.07/turn              (no ring)
MPRegen  0.09/turn              (no ring)

@: lethally poisoned (0 -> -7), very slow
A: large, see invisible, deformed body, poison resistance, slowness 2, slow
metabolism 1, spit poison 1, AC +0
a: Spit Poison


You were on level 2 of the Dungeon.
You were hungry.

You visited 1 branch of the dungeon, and saw 2 of its levels.

You collected 56 gold pieces.

Inventory:

Hand Weapons
 a - a +0 spear (weapon)
Missiles
 b - 32 stones (quivered)
Armour
 c - a +0 robe (worn)
 f - a +0 helmet (worn)
Scrolls
 h - a scroll of identify {unknown}
 i - a scroll of teleportation {unknown}
Potions
 g - 3 potions of lignification
 j - a potion of curing {unknown}
 k - a potion of agility {unknown}
 l - 2 potions of brilliance {unknown}
Books
 e - a book of Geomancy

   Spells                             Type                      Level
   a - Sandblast                      Earth                        1
   b - Passwall                       Transmutation/Earth          2
   c - Stone Arrow                    Conjuration/Earth            3
   d - Petrify                        Transmutation/Earth          4
   e - Lee's Rapid Deconstruction     Earth                        5
Comestibles
 d - 2 rations


   Skills:
 + Level 1.6 Dodging
 + Level 3.1 Stealth
 * Level 2.4 Spellcasting
   Level 1.0 Transmutations
 + Level 3.6 Earth Magic


You had 4 spell levels left.
You knew the following spells:

 Your Spells              Type           Power        Failure   Level  Hunger
a - Sandblast             Erth           ##....       4%          1    #......


Dungeon Overview and Level Annotations

Branches:
Dungeon (2/15)

Altars:
Okawaru


Innate Abilities, Weirdness & Mutations

You cannot wear boots.
Your serpentine skin is tough. (AC +0)
You have supernaturally acute eyesight. (SInv)
Armour fits poorly on your strangely shaped body.
Your system is resistant to poisons. (rPois)
You cover ground very slowly.
You have a slow metabolism.
You can spit poison.


Message History

Casting: Sandblast
Confirm with . or Enter, or press ? or * to list all spells.
Aiming: Sandblast
Press: ? - help, Shift-Dir - straight line, f - adder
Aim: an adder The blast of sand hits the adder.
The adder is lightly wounded.
b - 33 stones
* * * LOW HITPOINT WARNING * * *
You feel sick. The adder barely misses you.
Casting: Sandblast
Confirm with . or Enter, or press ? or * to list all spells.
Aiming: Sandblast
Press: ? - help, Shift-Dir - straight line, f/p - adder
Aim: an adder (lightly wounded)
The blast of sand hits the adder.
The adder is severely wounded.
b - 32 stones The adder bites you.
You die...

######.....#... .....
##.÷.÷........## #....
#..####♣.♣..♣.P♣
..P.♣♣♣♣.P.P.÷♣♣♣PP.♣.
♣P.♣.♣PP..♣P♣....♣♣♣♣
♣.P.♣♣♣♣.♣♣♣.♣♣.♣
♣..P♣♣PP..♣.P..♣.
♣P...♣.♣..P..♣P.♣
♣.@...(♣.♣...8..P♣
♣S.♣(..#...#......P
P..♣............(....
♣.P.♣P..#..._..!#...♣.
♣♣♣..♣..§.§......[P..
♣.(P.P.§.#W..#.P....
.P♣.P.♣♣PP..P.P... P
♣♣.P ≈♣.♣♣PP♣♣.
♣♣P§♣♣.. ..P.


You could see a phantom and an adder.

Vanquished Creatures
  An adder (D:2)
  A leopard gecko (D:1)
  4 hobgoblins (D:1)
  2 jackals (D:2)
  A quokka (D:2)
9 creatures vanquished.

Notes
Turn   | Place    | Note
-------+----------+-------------------------------------------
     0 | D:1      | Monzz the Naga Earth Elementalist began the quest for the Orb.
     0 | D:1      | Reached XP level 1. HP: 15/15 MP: 3/3
   662 | D:1      | Reached XP level 2. HP: 22/22 MP: 1/5
   879 | D:2      | Found an iron altar of Okawaru.
  1196 | D:2      | Noticed a phantom
  1209 | D:2      | Slain by an adder

Action                   || total
-------------------------++-------
Melee: Unarmed           ||     2
       Spear             ||     6
Throw: Stone             ||    18
 Cast: Sandblast         ||    21
 Abil: Spit Poison       ||     1
  Use: Potion            ||     1
Armor: Robe              ||     6
Dodge: Dodged            ||    14
